Map: 필러스 오브 골드 - 래더

Players

Solar

  • Race: Zerg Zerg
  • League: Master
  • Spawn Location: 7:00

Neeb - Winner!

  • Race: Protoss Protoss
  • Spawn Location: 1:00

Event: Cheeseadelphia Winter Championship 2021

VOD

Have the link to the VOD?

Description

Time

  • Played on: Jan. 23, 2021, 4:14 p.m.
  • Length: 7:08

All games in this series

Show
View Real Time Build Order
Export as new Build Order

Solar Zerg 

Build Orders: Hatch First 

Get SALT Encoding   

  12  0:00  Drone  
  13  0:12  Overlord  
  13  0:17  Drone  
  14  0:31  Drone x2  
  16  0:51  Hatchery  
  16  0:53  Drone  
  16  0:57  Drone  
  16  0:59  Drone  
  18  1:06  Extractor  
  17  1:17  Spawning Pool  
  16  1:20  Drone  
  16  1:24  Drone  
  18  1:28  Drone  
  19  1:39  Drone  
  20  1:51  Overlord  
  20  2:04  Queen x2  
  20  2:05  Zergling x4  
  26  2:14  Zergling x4  
  28  2:26  Metabolic Boost  
  27  2:38  Hatchery  
  27  2:40  Drone  
  27  2:44  Overlord  
  27  2:49  Drone  
  28  2:51  Drone  
  28  2:55  Drone  
  30  3:01  Overlord  
  30  3:04  Drone  
  30  3:13  Drone  
  30  3:14  Drone x2  
  30  3:17  Drone  
  33  3:27  Drone  
  34  3:38  Drone  
  34  3:41  Hatchery  
  33  3:49  Queen  
  33  3:51  Drone  
  33  3:53  Drone  
  37  3:57  Drone  
  37  3:58  Drone  
  37  4:02  Drone x2  
  41  4:05  Zergling x2  
  41  4:09  Overlord  
  42  4:12  Zergling x2  
  42  4:14  Drone x2  
  45  4:22  Zergling x4  
  45  4:23  Drone  
  45  4:24  Drone x2  
  50  4:28  Drone x2  
  52  4:32  Overlord  
  52  4:36  Drone  
  53  4:40  Drone  
  54  4:46  Drone  
  54  4:49  Queen  
  54  4:50  Spore Crawler  
  56  4:52  Roach Warren  
  56  4:53  Spore Crawler  
  56  4:54  Extractor  
  56  4:55  Queen  
  56  4:59  Drone  
  56  5:02  Zergling x4  
  56  5:04  Drone  
  56  5:06  Overlord  
  59  5:08  Overlord  
  59  5:11  Overlord  
  59  5:15  Overlord  
  59  5:24  Queen  
  61  5:30  Extractor  
  61  5:35  Overlord  
  60  5:37  Queen  
  60  5:39  Roach x3  
  60  5:41  Roach  
  70  5:46  Roach x2  
  70  5:49  Zergling x6  
  77  5:55  Zergling x8  
  81  5:58  Zergling x4  
  83  6:06  Overlord  
  83  6:10  Ravager x3  
  84  6:11  Zergling x2  
  84  6:12  Zergling x8  
  84  6:17  Ravager  
  90  6:19  Queen  
  90  6:24  Queen  
  94  6:25  Zergling x4  
  94  6:32  Ravager  
  97  6:33  Zergling x8  
  97  6:35  Overlord  
  97  6:39  Zergling x2  
  99  6:40  Zergling x2  
  99  6:42  Zergling x2  
  99  6:43  Zergling x2  
  99  6:48  Zergling x2  
  99  6:50  Zergling x2  
Show
View Real Time Build Order
Export as new Build Order

Neeb Protoss - Winner!

Build Orders:  

Get SALT Encoding   

  12  0:00  Probe  
  13  0:12  Probe  
  14  0:19  Pylon  
  14  0:24  Probe  
  15  0:37  Probe (Chrono Boost)  
  16  0:47  Probe (Chrono Boost)  
  17  0:52  Probe (Chrono Boost)  
  18  1:06  Nexus  
  18  1:16  Forge  
  18  1:27  Gateway  
  18  1:30  Probe  
  19  1:36  Pylon  
  19  1:44  Probe  
  20  1:55  Photon Cannon  
  20  1:59  Assimilator  
  21  2:06  Photon Cannon  
  20  2:09  Assimilator  
  20  2:18  Probe (Chrono Boost)  
  20  2:22  Probe (Chrono Boost)  
  23  2:30  Probe (Chrono Boost)  
  23  2:31  Cybernetics Core  
  23  2:32  Zealot (Chrono Boost)  
  26  2:37  Probe (Chrono Boost)  
  26  2:38  Probe (Chrono Boost)  
  27  2:48  Probe  
  27  2:49  Probe  
  29  2:54  Photon Cannon  
  30  3:05  Adept (Chrono Boost)  
  30  3:12  Probe  
  32  3:17  Warp Gate  
  32  3:19  Probe  
  33  3:25  Stargate  
  33  3:27  Probe  
  33  3:32  Adept  
  36  3:36  Probe (Chrono Boost)  
  38  3:43  Probe (Chrono Boost)  
  38  3:48  Probe (Chrono Boost)  
  39  3:52  Probe (Chrono Boost)  
  39  3:55  Pylon  
  41  3:56  Probe (Chrono Boost)  
  41  3:58  Probe (Chrono Boost)  
  41  4:02  Probe  
  43  4:04  Void Ray (Chrono Boost)  
  43  4:10  Probe  
  48  4:21  Nexus  
  48  4:22  Probe  
  49  4:24  Probe  
  49  4:29  Pylon  
  50  4:35  Probe  
  50  4:37  Oracle (Chrono Boost)  
  54  4:47  Probe x2  
  54  4:48  Assimilator  
  54  4:49  Assimilator  
  54  4:51  Shield Battery  
  56  4:59  Pylon, Probe x2  
  58  5:00  Stargate  
  58  5:03  Shield Battery  
  58  5:11  Probe, Void Ray (Chrono Boost)  
  64  5:23  Pylon, Probe (Chrono Boost)  
  64  5:24  Pylon, Probe (Chrono Boost)  
  65  5:35  Probe (Chrono Boost)  
  68  5:37  Probe x2 (Chrono Boost)  
  68  5:38  Void Ray (Chrono Boost)  
  68  5:39  Probe (Chrono Boost)  
  68  5:42  Assimilator  
  69  5:45  Probe  
  69  5:46  Probe, Void Ray (Chrono Boost)  
  69  5:47  Assimilator  
  75  5:55  Sentry  
  83  6:01  Gateway  
  83  6:03  Gateway  
  81  6:06  Void Ray (Chrono Boost)  
  81  6:12  Shield Battery  
  81  6:17  Shield Battery  
  85  6:19  Photon Cannon  
  85  6:20  Sentry  
  85  6:22  Pylon  
  87  6:30  Void Ray (Chrono Boost)  
  91  6:33  Pylon  
  91  6:38  Photon Cannon  
  91  6:45  Adept  
  97  6:58  Zealot x2  
  95  7:07  Shield Battery, Photon Cannon  
  95  7:08  Zealot  
Tags
 
Add a new tag
Caveats
  • Supply blocks, unpowered buildings, or Contaminate may cause inaccurate times.
  • Supply counts are checked every 10 seconds.